Map: Last Fantasy LE

Players

ricko - Winner!

  • Race: Terran Terran
  • League: Platinum
  • Spawn Location: 7:00

poorlyRandom

  • Race: Terran Terran
  • League: Platinum
  • Spawn Location: 12:00

VOD

Have the link to the VOD?

Description

Time

  • Played on: Aug. 3, 2025, 9:27 a.m.
  • Length: 14:22
Show
View Real Time Build Order
Export as new Build Order

ricko Terran - Winner!

Build Orders: 2 Factory, Mech 

Get SALT Encoding   

  12  0:00  SCV  
  13  0:12  SCV  
  14  0:17  Supply Depot  
  14  0:24  SCV  
  15  0:35  Refinery  
  15  0:41  Barracks  
  15  0:45  SCV  
  16  0:52  Refinery  
  16  0:57  SCV  
  17  1:09  SCV  
  18  1:21  SCV  
  19  1:30  Factory  
  19  1:34  Orbital Command  
  19  1:48  Barracks Reactor  
  19  1:53  Supply Depot  
  19  2:02  SCV  
  20  2:19  SCV  
  21  2:28  Command Center  
  21  2:41  Hellion  
  21  2:43  SCV  
  24  2:56  SCV  
  25  3:09  Factory  
  25  3:10  Factory  
  25  3:11  SCV  
  26  3:17  Hellion  
  28  3:23  SCV  
  29  3:35  SCV  
  29  3:48  SCV, Orbital Command  
  31  3:54  Factory Tech Lab x2  
  30  4:00  SCV  
  31  4:03  Hellion x2  
  31  4:09  Armory  
  35  4:12  SCV  
  36  4:18  Refinery, Siege Tank  
  36  4:24  Cyclone, SCV  
  42  4:27  SCV  
  44  4:35  Supply Depot  
  44  4:44  SCV x2  
  46  4:56  SCV, Siege Tank  
  46  4:57  Hellion  
  52  5:00  SCV  
  52  5:02  Supply Depot  
  53  5:07  Terran Vehicle Weapons Level 1  
  53  5:09  SCV  
  54  5:16  Refinery  
  54  5:24  SCV, Siege Tank  
  54  5:25  SCV  
  59  5:34  Supply Depot  
  59  5:36  SCV  
  59  5:37  SCV  
  61  5:47  Factory  
  61  5:49  Factory  
  61  5:55  Supply Depot  
  61  5:56  Siege Tank, Hellion x2  
  68  5:57  Hellion  
  68  5:58  Supply Depot  
  68  6:07  SCV  
  68  6:10  SCV  
  70  6:14  Supply Depot  
  70  6:16  Siege Tank  
  70  6:17  Supply Depot  
  73  6:24  Hellion x2  
  77  6:29  SCV x2  
  77  6:31  Factory Tech Lab  
  79  6:33  Factory Tech Lab  
  79  6:41  SCV  
  79  6:46  SCV  
  81  6:48  Siege Tank  
  81  6:50  Thor  
  90  6:56  Supply Depot  
  90  6:59  Siege Tank  
  90  7:01  Hellion  
  93  7:02  SCV  
  93  7:04  Supply Depot  
  94  7:10  SCV  
  94  7:13  Thor  
  101  7:20  SCV  
  101  7:22  SCV  
  103  7:27  Supply Depot  
  103  7:29  Supply Depot  
  103  7:31  Supply Depot  
  103  7:33  Siege Tank  
  103  7:34  Barracks Reactor, Hellion  
  108  7:46  Siege Tank  
  108  7:47  Thor  
  117  7:59  Siege Tank  
  117  8:00  Hellion  
  117  8:03  Supply Depot  
  117  8:05  Siege Tank  
  125  8:13  Terran Vehicle Weapons Level 2  
  125  8:22  Supply Depot  
  125  8:23  Siege Tank  
  125  8:24  Hellion x2  
  125  8:26  Supply Depot  
  132  8:32  Siege Tank  
  108  9:07  Thor  
  108  9:08  Widow Mine  
  108  9:09  Siege Tank  
  110  9:13  Hellion x2  
  114  9:20  Factory  
  114  9:24  SCV x2  
  114  9:28  Supply Depot  
  114  9:29  Supply Depot  
  116  9:40  Command Center  
  116  9:46  Widow Mine x2, Hellion x2  
  116  9:47  Siege Tank  
  116  9:50  Siege Tank  
  130  9:55  SCV x2  
  132  10:03  Armory  
  132  10:07  SCV  
  132  10:11  Supply Depot  
  132  10:13  Supply Depot, Factory  
  132  10:14  Siege Tank  
  136  10:23  Siege Tank, Widow Mine  
  136  10:24  Widow Mine  
  136  10:25  Hellion x2  
  147  10:34  Terran Vehicle And Ship Armor Level 1  
  147  11:10  Siege Tank x2  
  155  11:11  Hellion x4  
  155  11:12  Hellion, Widow Mine  
  136  11:33  Siege Tank x2, Widow Mine x2  
  141  11:49  Siege Tank x2  
  141  11:51  Widow Mine  
  147  12:03  Orbital Command  
  147  12:12  Siege Tank, Widow Mine  
  147  12:13  Widow Mine  
  154  12:25  Refinery  
  154  12:26  Refinery  
  154  12:34  Thor  
  154  12:36  Hellion x2  
  154  12:37  Hellion x3, Siege Tank  
  175  12:44  Hellion  
  175  12:45  Factory Tech Lab  
  175  12:51  Factory  
  175  12:53  SCV x2  
  175  12:58  Hellion x2  
  179  13:05  Siege Tank  
  182  13:07  Hellbat  
  182  13:12  Siege Tank  
  187  13:18  Supply Depot  
  187  13:40  Siege Tank  
  187  13:41  Siege Tank  
Show
View Real Time Build Order
Export as new Build Order

poorlyRandom Terran 

Build Orders: Reaper Expand, Mech 

Get SALT Encoding   

  12  0:00  SCV  
  13  0:12  SCV  
  14  0:19  Supply Depot  
  14  0:24  SCV  
  15  0:40  SCV  
  15  0:42  Barracks  
  16  0:48  Refinery  
  16  0:53  SCV  
  17  1:05  SCV  
  18  1:17  SCV  
  19  1:29  Orbital Command  
  19  1:31  Reaper  
  20  1:47  Command Center  
  20  2:02  SCV  
  21  2:09  Supply Depot  
  21  2:14  Factory  
  21  2:17  Barracks Tech Lab  
  21  2:18  SCV  
  22  2:30  SCV  
  23  2:44  Marine  
  23  2:48  SCV  
  25  2:53  Refinery  
  25  2:58  Supply Depot  
  25  3:00  Starport, SCV  
  25  3:05  Factory Tech Lab  
  26  3:06  Marine  
  26  3:12  SCV  
  29  3:18  Orbital Command  
  28  3:24  SCV  
  29  3:27  Marine  
  29  3:29  Cyclone  
  33  3:36  SCV  
  34  3:45  Orbital Command  
  34  3:46  Starport Tech Lab  
  34  3:48  SCV  
  34  3:49  Marine  
  36  4:01  SCV  
  37  4:07  Marine  
  37  4:08  Command Center  
  38  4:23  Siege Tank  
  41  4:24  Refinery  
  41  4:25  Refinery  
  41  4:26  SCV  
  41  4:29  SCV  
  43  4:35  Viking  
  45  4:39  Supply Depot  
  45  4:40  SCV  
  45  4:43  Marine  
  47  4:46  SCV  
  48  4:53  SCV  
  48  4:58  SCV  
  50  5:04  Siege Tank, Factory  
  50  5:05  SCV  
  54  5:11  SCV  
  54  5:12  Marine  
  54  5:13  Viking  
  58  5:19  Engineering Bay  
  58  5:21  SCV  
  59  5:23  Orbital Command  
  59  5:27  SCV  
  60  5:33  SCV  
  61  5:41  Siege Tank, Marine  
  65  5:45  Orbital Command, SCV, Armory  
  66  5:51  Supply Depot  
  66  5:52  SCV  
  67  5:57  SCV  
  67  5:59  Factory Tech Lab  
  68  6:06  Factory  
  68  6:12  Viking, Marine  
  68  6:16  SCV x3  
  74  6:28  SCV x3, Supply Depot  
  77  6:33  Armory  
  77  6:35  Siege Tank  
  77  6:38  Siege Tank  
  83  6:40  Marine  
  83  6:44  SCV  
  85  6:50  SCV x2  
  85  6:51  Factory Tech Lab, Supply Depot  
  87  6:56  Starport  
  87  7:03  Marine  
  87  7:04  Viking  
  90  7:13  Thor  
  90  7:15  Supply Depot  
  96  7:21  SCV x3  
  99  7:23  Refinery  
  99  7:26  Refinery  
  99  7:36  Thor  
  105  7:37  Siege Tank  
  105  7:38  Starport Reactor  
  105  7:39  Supply Depot  
  108  7:47  Fusion Core  
  108  7:57  SCV  
  109  8:00  SCV x2  
  109  8:01  Supply Depot  
  111  8:11  Liberator  
  111  8:12  Command Center  
  114  8:14  Siege Tank  
  117  8:22  SCV x3  
  117  8:23  Liberator  
  117  8:25  Supply Depot  
  123  8:47  Siege Tank x2  
  129  8:48  Supply Depot  
  129  8:54  Liberator  
  89  9:09  SCV x3  
  92  9:19  Thor x3  
  92  9:21  SCV x2, Liberator  
  115  9:40  Liberator x2  
  121  9:59  Factory  
  121  10:00  Starport  
  121  10:02  Command Center  
  121  10:05  Terran Vehicle Weapons Level 1  
  121  10:07  Terran Vehicle And Ship Armor Level 1  
  121  10:15  Planetary Fortress  
  121  10:17  Marine  
  121  10:18  Hellbat  
  121  10:19  Hellbat x2  
  128  10:27  Liberator  
  131  10:34  Marine  
  132  10:37  Advanced Ballistics  
  132  10:39  Starport Reactor  
  132  10:44  Factory Tech Lab  
  132  10:46  Factory  
  132  10:48  Refinery  
  132  10:52  Refinery  
  132  10:53  Thor  
  138  11:02  Thor  
  146  11:04  Hellbat x2  
  104  11:25  Hellbat  
  104  11:26  Hellbat  
  67  12:03  Factory Tech Lab, Thor x3  
  85  12:15  SCV x4  
  88  12:17  Command Center  
  88  12:18  Liberator x2  
  88  12:19  Liberator  
  98  12:24  Refinery  
  98  12:27  SCV x4  
  102  12:41  Siege Tank  
  105  13:02  Siege Tank  
  105  13:05  SCV x3  
  111  13:17  SCV  
  111  13:18  Siege Tank  
  115  13:47  SCV  
  115  13:48  SCV x2  
Tags
 
Add a new tag
Caveats
  • Supply blocks, unpowered buildings, or Contaminate may cause inaccurate times.
  • Supply counts are checked every 10 seconds.